[ AOE2 MATCH · #506060792 ]
UnrankedTatars vs Britons
Player's team · WIN
Rival team · LOSS
[ REPLAY ANALYSIS · EXTRACTED FROM THE RECORDED GAME ]
Feudal
12:48
Castle
16:43
Imperial
—
| APM avg | 70.1 |
| APM peak | 115 |
| eAPM avg | 32.3 |
| Villagers / military | 112 / 63 |
Focus
⚔️ 51.5% · 🌾 48.5%
Archer ×38 · Keshik ×11 · Mangonel ×9 · Militia ×3 · Monk ×2
Feudal
11:15
Castle
19:17
Imperial
—
| APM avg | 60.8 |
| APM peak | 104 |
| eAPM avg | 26.0 |
| Villagers / military | 95 / 58 |
Focus
⚔️ 37.2% · 🌾 62.8%
Archer ×47 · Mangonel ×7 · Militia ×3 · Skirmisher ×1
Match map
Initial resources + every placement click. Lines = walls · curves = elevation contours. ◆ gold · ⬟ stone · ● berries · ✦ relic · ◌ wall gap
Your base· Open — opponent sealed themselves in
半月回淑's base· ✓ Closed at 19:17 · 48t walls · no gate
Smoothed initial terrain · ◌ = detected wall gap · hover for details
Inputs per minute
— medicesesoporquesoyguapo - - 半月回淑
Build order — medicesesoporquesoyguapo
First 150 of 285 actions detected
| 0:00 | Create | Villager (Male) |
| 0:01 | Create | Villager (Male) ×4 |
| 0:02 | Build | House |
| 0:03 | Build | House |
| 1:26 | Create | Villager (Male) |
| 1:54 | Create | Villager (Male) |
| 2:04 | Build | Lumber Camp |
| 2:24 | Create | Villager (Male) |
| 2:54 | Create | Villager (Male) |
| 2:55 | Create | Villager (Male) |
| 3:03 | Create | Villager (Male) |
| 3:03 | Create | Villager (Male) |
| 3:04 | Create | Villager (Male) |
| 3:37 | Create | Villager (Male) |
| 3:52 | Build | House |
| 3:58 | Create | Villager (Male) |
| 4:28 | Create | Villager (Male) |
| 4:45 | Build | Barracks |
| 4:53 | Create | Villager (Male) |
| 4:58 | Create | Villager (Male) |
| 5:16 | Build | House |
| 5:23 | Create | Villager (Male) |
| 5:34 | Build | House |
| 5:51 | Create | Militia |
| 5:57 | Build | Palisade Wall |
| 5:59 | Create | Militia |
| 6:04 | Build | Palisade Wall |
| 6:05 | Build | Palisade Wall |
| 6:08 | Build | Palisade Wall |
| 6:08 | Build | Palisade Wall |
| 6:11 | Build | Palisade Wall |
| 6:13 | Build | Palisade Wall |
| 6:16 | Create | Militia |
| 6:22 | Create | Villager (Male) |
| 6:22 | Create | Villager (Male) |
| 6:22 | Create | Villager (Male) |
| 6:28 | Build | Palisade Wall |
| 7:08 | Create | Villager (Male) |
| 7:11 | Build | Mill |
| 7:33 | Create | Villager (Male) |
| 8:08 | Create | Villager (Male) |
| 8:25 | Create | Villager (Male) |
| 8:33 | Build | Mill |
| 8:40 | Build | House |
| 8:41 | Build | Palisade Wall |
| 8:53 | Create | Villager (Male) |
| 9:14 | Create | Villager (Male) |
| 9:29 | Create | Villager (Male) |
| 9:57 | Build | Lumber Camp |
| 9:58 | Create | Villager (Male) |
| 10:17 | Build | Palisade Wall |
| 10:20 | Research | Feudal Age |
| 10:20 | Research | Feudal Age |
| 11:05 | Build | Farm |
| 11:08 | Build | Farm |
| 11:11 | Build | Farm |
| 11:31 | Create | Villager (Male) |
| 11:40 | Research | Loom |
| 11:40 | Create | Villager (Male) |
| 11:48 | Build | Palisade Wall |
| 12:12 | Build | Mining Camp |
| 12:48 | Age | Feudal Age |
| 12:51 | Build | Archery Range |
| 12:58 | Build | Archery Range |
| 13:02 | Create | Villager (Male) |
| 13:23 | Build | Blacksmith |
| 13:30 | Build | House |
| 13:58 | Build | House |
| 14:01 | Research | Castle Age |
| 14:01 | Research | Castle Age |
| 14:13 | Build | House |
| 14:16 | Research | Double-Bit Axe |
| 14:24 | Build | Farm |
| 14:29 | Create | Archer |
| 14:33 | Build | House |
| 14:44 | Create | Archer |
| 14:45 | Create | Archer |
| 14:48 | Build | House |
| 14:55 | Create | Villager (Male) |
| 15:17 | Build | Archery Range |
| 15:23 | Create | Archer |
| 15:36 | Research | Fletching |
| 15:36 | Research | Fletching |
| 15:44 | Create | Archer |
| 15:53 | Create | Villager (Male) |
| 16:21 | Create | Archer |
| 16:24 | Create | Archer |
| 16:43 | Age | Castle Age |
| 16:47 | Build | Farm |
| 16:49 | Build | Farm |
| 17:10 | Research | Crossbowman (upgrade) |
| 17:13 | Build | Farm |
| 17:14 | Build | Farm |
| 17:15 | Build | Farm |
| 17:18 | Create | Archer |
| 17:19 | Create | Archer |
| 17:34 | Create | Villager (Male) |
| 17:34 | Create | Villager (Male) |
| 17:35 | Create | Archer |
| 17:45 | Create | Archer |
| 17:54 | Build | Monastery |
| 18:05 | Create | Villager (Male) |
| 18:07 | Create | Archer |
| 18:11 | Create | Archer |
| 18:17 | Create | Villager (Male) |
| 18:22 | Build | House |
| 18:24 | Build | House |
| 18:42 | Create | Monk |
| 18:46 | Create | Archer |
| 18:53 | Create | Villager (Male) |
| 19:03 | Build | Town Center |
| 19:10 | Create | Villager (Male) |
| 19:11 | Create | Archer |
| 19:20 | Create | Archer |
| 19:44 | Research | Bodkin Arrow |
| 19:44 | Research | Bodkin Arrow |
| 19:46 | Create | Archer |
| 19:50 | Create | Archer |
| 20:10 | Create | Villager (Male) |
| 20:14 | Create | Archer |
| 20:16 | Create | Archer |
| 20:29 | Build | Farm |
| 20:33 | Create | Villager (Male) |
| 20:39 | Create | Archer |
| 20:44 | Build | House |
| 20:44 | Build | House |
| 20:51 | Create | Villager (Male) |
| 21:20 | Build | University |
| 21:24 | Create | Archer |
| 21:24 | Create | Archer |
| 21:31 | Create | Villager (Male) |
| 21:37 | Create | Archer |
| 21:39 | Create | Villager (Male) |
| 21:39 | Create | Villager (Male) |
| 21:43 | Create | Archer |
| 21:43 | Create | Archer |
| 21:46 | Create | Archer |
| 21:51 | Build | House |
| 21:52 | Build | House |
| 21:52 | Build | House |
| 22:01 | Create | Villager (Male) |
| 22:06 | Create | Villager (Male) |
| 22:06 | Create | Villager (Male) |
| 22:25 | Research | Ballistics |
| 22:30 | Create | Villager (Male) |
| 22:30 | Create | Villager (Male) |
| 22:35 | Build | Farm |
| 22:38 | Build | Farm |
| 22:42 | Create | Villager (Male) |
| 22:56 | Create | Archer |
Build order — 半月回淑
First 150 of 281 actions detected
| 0:00 | Create | Villager (Male) |
| 0:00 | Create | Villager (Male) |
| 0:02 | Build | House |
| 0:03 | Build | House |
| 0:10 | Create | Villager (Male) |
| 0:11 | Create | Villager (Male) |
| 1:21 | Create | Villager (Male) |
| 1:53 | Create | Villager (Male) |
| 2:02 | Build | Lumber Camp |
| 2:17 | Create | Villager (Male) |
| 2:17 | Create | Villager (Male) |
| 2:39 | Create | Villager (Male) |
| 3:08 | Create | Villager (Male) |
| 3:33 | Create | Villager (Male) |
| 3:56 | Build | House |
| 4:06 | Create | Villager (Male) |
| 4:13 | Create | Villager (Male) |
| 4:33 | Build | Barracks |
| 4:50 | Create | Villager (Male) |
| 4:57 | Build | House |
| 5:16 | Create | Villager (Male) |
| 5:23 | Create | Militia |
| 5:24 | Create | Militia |
| 5:53 | Create | Villager (Male) |
| 5:55 | Build | Mill |
| 6:12 | Create | Villager (Male) |
| 6:13 | Create | Militia |
| 6:37 | Create | Villager (Male) |
| 6:51 | Build | Palisade Wall |
| 6:52 | Build | Palisade Wall |
| 6:55 | Create | Villager (Male) |
| 7:11 | Research | Loom |
| 7:14 | Build | Mill |
| 7:18 | Build | Mill |
| 7:21 | Create | Villager (Male) |
| 7:46 | Create | Villager (Male) |
| 7:52 | Build | House |
| 8:15 | Build | House |
| 8:18 | Create | Villager (Male) |
| 8:38 | Build | Palisade Wall |
| 8:39 | Build | Palisade Wall |
| 8:47 | Create | Villager (Male) |
| 8:51 | Build | Palisade Wall |
| 8:55 | Research | Feudal Age |
| 9:51 | Build | Palisade Wall |
| 10:01 | Build | Mining Camp |
| 10:04 | Build | Palisade Wall |
| 10:07 | Build | Palisade Wall |
| 10:15 | Build | House |
| 10:17 | Build | Palisade Wall |
| 10:41 | Build | House |
| 10:43 | Build | Palisade Wall |
| 11:03 | Build | Palisade Wall |
| 11:04 | Build | Palisade Wall |
| 11:15 | Age | Feudal Age |
| 11:20 | Build | Archery Range |
| 11:25 | Create | Villager (Male) |
| 11:31 | Build | Farm |
| 11:32 | Build | Farm |
| 11:45 | Build | Palisade Wall |
| 11:50 | Create | Villager (Male) |
| 12:01 | Create | Villager (Male) |
| 12:09 | Create | Archer |
| 12:21 | Build | Farm |
| 12:30 | Create | Villager (Male) |
| 12:40 | Research | Double-Bit Axe |
| 12:40 | Research | Double-Bit Axe |
| 12:40 | Research | Double-Bit Axe |
| 12:50 | Build | Farm |
| 12:56 | Build | House |
| 13:02 | Build | House |
| 13:03 | Build | Palisade Wall |
| 13:06 | Build | Palisade Wall |
| 13:06 | Create | Villager (Male) |
| 13:07 | Create | Villager (Male) |
| 13:10 | Build | Farm |
| 13:10 | Create | Villager (Male) |
| 13:18 | Build | Farm |
| 13:24 | Create | Archer |
| 13:36 | Build | Farm |
| 13:49 | Build | Farm |
| 13:57 | Create | Archer |
| 13:57 | Create | Archer |
| 13:58 | Create | Archer |
| 14:14 | Create | Villager (Male) |
| 14:17 | Build | Farm |
| 14:24 | Create | Archer |
| 14:47 | Create | Villager (Male) |
| 14:48 | Create | Villager (Male) |
| 14:56 | Build | Farm |
| 14:57 | Create | Archer |
| 15:15 | Create | Archer |
| 15:24 | Build | Blacksmith |
| 15:26 | Create | Villager (Male) |
| 15:38 | Create | Archer |
| 16:13 | Create | Villager (Male) |
| 16:31 | Build | Farm |
| 16:36 | Research | Castle Age |
| 16:37 | Research | Castle Age |
| 16:39 | Create | Skirmisher |
| 17:00 | Build | House |
| 17:01 | Build | House |
| 17:05 | Build | House |
| 17:12 | Build | Archery Range |
| 17:20 | Create | Archer |
| 17:24 | Build | House |
| 17:25 | Build | House |
| 17:37 | Build | House |
| 17:42 | Build | House |
| 17:46 | Build | House |
| 17:50 | Create | Archer |
| 18:08 | Create | Archer |
| 18:16 | Build | Palisade Wall |
| 18:18 | Build | House |
| 18:21 | Build | House |
| 18:26 | Create | Archer |
| 18:36 | Build | Lumber Camp |
| 18:50 | Create | Archer |
| 19:10 | Build | Lumber Camp |
| 19:17 | Age | Castle Age |
| 19:18 | Create | Archer |
| 19:26 | Research | Crossbowman (upgrade) |
| 19:29 | Research | Fletching |
| 19:41 | Create | Villager (Male) |
| 19:58 | Create | Archer |
| 20:02 | Research | Bodkin Arrow |
| 20:05 | Create | Villager (Male) |
| 20:17 | Create | Archer |
| 20:20 | Build | Town Center |
| 20:21 | Create | Villager (Male) |
| 20:29 | Create | Archer |
| 20:45 | Build | House |
| 20:49 | Create | Archer |
| 21:12 | Create | Archer |
| 21:15 | Create | Villager (Male) |
| 21:28 | Build | House |
| 21:29 | Build | House |
| 21:30 | Build | House |
| 21:31 | Build | House |
| 21:33 | Create | Archer |
| 21:42 | Build | Siege Workshop |
| 21:46 | Create | Archer |
| 21:47 | Create | Villager (Male) |
| 21:58 | Research | Padded Archer Armor |
| 21:59 | Create | Villager (Male) |
| 21:59 | Create | Villager (Male) |
| 22:22 | Research | Bow Saw |
| 22:23 | Create | Villager (Male) |
| 22:26 | Create | Archer |
| 22:29 | Create | Archer |
Match timeline
| 4:33 | 半月回淑 · first_building Barracks |
| 4:45 | medicesesoporquesoyguapo · first_building Barracks |
| 5:57 | medicesesoporquesoyguapo · wall_segment Palisade Wall x4 |
| 6:04 | medicesesoporquesoyguapo · wall_segment Palisade Wall x1 |
| 6:05 | medicesesoporquesoyguapo · wall_segment Palisade Wall x1 |
| 6:08 | medicesesoporquesoyguapo · wall_segment Palisade Wall x1 |
| 6:08 | medicesesoporquesoyguapo · wall_segment Palisade Wall x1 |
| 6:11 | medicesesoporquesoyguapo · wall_segment Palisade Wall x7 |
| 6:13 | medicesesoporquesoyguapo · wall_segment Palisade Wall x3 |
| 6:28 | medicesesoporquesoyguapo · wall_segment Palisade Wall x8 |
| 6:51 | 半月回淑 · wall_segment Palisade Wall x1 |
| 6:52 | 半月回淑 · wall_segment Palisade Wall x1 |
| 8:38 | 半月回淑 · wall_segment Palisade Wall x1 |
| 8:39 | 半月回淑 · wall_segment Palisade Wall x4 |
| 8:41 | medicesesoporquesoyguapo · wall_segment Palisade Wall x6 |
| 8:51 | 半月回淑 · wall_segment Palisade Wall x3 |
| 9:51 | 半月回淑 · wall_segment Palisade Wall x1 |
| 10:04 | 半月回淑 · wall_segment Palisade Wall x1 |
| 10:07 | 半月回淑 · wall_segment Palisade Wall x11 |
| 10:17 | 半月回淑 · wall_segment Palisade Wall x2 |
| 10:17 | medicesesoporquesoyguapo · wall_segment Palisade Wall x4 |
| 10:43 | 半月回淑 · wall_segment Palisade Wall x3 |
| 11:03 | 半月回淑 · wall_segment Palisade Wall x1 |
| 11:04 | 半月回淑 · wall_segment Palisade Wall x2 |
| 11:15 | 半月回淑 · age_up feudal |
| 11:20 | 半月回淑 · first_building Archery Range |
| 11:45 | 半月回淑 · wall_segment Palisade Wall x5 |
| 11:48 | medicesesoporquesoyguapo · wall_segment Palisade Wall x13 |
| 12:48 | medicesesoporquesoyguapo · age_up feudal |
| 12:51 | medicesesoporquesoyguapo · first_building Archery Range |
| 13:03 | 半月回淑 · wall_segment Palisade Wall x5 |
| 13:06 | 半月回淑 · wall_segment Palisade Wall x6 |
| 16:43 | medicesesoporquesoyguapo · age_up castle |
| 17:54 | medicesesoporquesoyguapo · first_building Monastery |
| 18:16 | 半月回淑 · wall_segment Palisade Wall x1 |
| 19:17 | 半月回淑 · age_up castle |
| 21:42 | 半月回淑 · first_building Siege Workshop |
| 23:38 | medicesesoporquesoyguapo · first_building Siege Workshop |
| 28:05 | medicesesoporquesoyguapo · first_building Castle |
| 31:13 | medicesesoporquesoyguapo · first_market_buy 100 food |
| 33:03 | medicesesoporquesoyguapo · first_market_sell 100 wood |
| 33:08 | 半月回淑 · first_building Monastery |
| 34:45 | 半月回淑 · first_building Castle |
| 36:13 | 半月回淑 · resign |
[ AI ANALYSIS · 1 CREDIT ]
What really happened in this match?
Wolo.gg analyzes every decision: build order, eco, micro, common mistakes by bracket. Personalized analysis on WhatsApp or Discord in 30 seconds.
Civ guide
Tatars
Perfil
Jugador #310739